 Dungeon Crawl Stone Soup version 0.31-a0-654-gbe3e110b4e (webtiles) character file.

Game seed: 12436690893536008090

48 thirtiethelement the Grave Robber (level 3, -7/21 HPs)
             Began as a Demonspawn Necromancer on Aug 29, 2023.
             Was a Believer of Hepliaklqana.
             Mangled by an orc
             ... wielding a +0 flail
              (8 damage)
             ... on level 3 of the Dungeon.
             The game lasted 00:03:26 (1539 turns).

thirtiethelement the Grave Robber (DsNe)            Turns: 1539, Time: 00:03:27

Health: -7/21      AC:  3    Str:  8    XL:     3   Next: 50%
Magic:  0/6        EV: 12    Int: 16    God:    Hepliaklqana [**....]
Gold:   83         SH:  0    Dex: 21    Spells: 3/7 levels left

rFire   . . .        c - +0 dagger
rCold   . . .        (no shield)
rNeg    . . .        f - +0 leather armour
rPois   .            (helmet restricted)
rElec   .            (no cloak)
rCorr   .            (no gloves)
SInv    .            (no boots)
Will    .....        (no amulet)
Stlth   ++           e - +6 ring of dexterity
HPRegen 0.23/turn    (no ring)
MPRegen 0.10/turn

%: no passive effects
@: no status effects
A: reduced essence, horns 2
a: Renounce Religion, Recall Ancestor, Ancestor Identity


You were on level 3 of the Dungeon.
You worshipped Hepliaklqana.
Hepliaklqana was pleased with you.
You visited 1 branch of the dungeon, and saw 3 of its levels.

You collected 83 gold pieces.

Inventory:

Hand Weapons
 c - a +0 dagger (weapon)
Armour
 a - a +0 robe
 f - a +0 leather armour (worn)
Jewellery
 e - a +6 ring of dexterity (left hand)
Scrolls
 g - 2 scrolls of amnesia {unknown}
 h - a scroll of identify {unknown}
 i - a scroll of brand weapon {unknown}
 o - a scroll of revelation {unknown}
 p - a scroll of enchant armour {unknown}
 q - a scroll of fear {unknown}
 r - a scroll of teleportation {unknown}
Potions
 b - a potion of magic
 d - a potion of curing {unknown}
 j - a potion of haste {unknown}
 k - a potion of lignification {unknown}
 l - a potion of cancellation {unknown}
 m - a potion of degeneration {unknown}
 n - a potion of mutation {unknown}
 s - 2 potions of heal wounds {unknown}


   Skills:
 + Level 0.2 Short Blades
 + Level 0.6 Armour
 + Level 1.8 Dodging
 + Level 2.0 Stealth
 + Level 2.5 Spellcasting
 + Level 5.0 Necromancy


You had 3 spell levels left.
You knew the following spells:

 Your Spells              Type           Power      Damage    Failure   Level
a - Necrotise             Necr           72%        1d7       3%          1
b - Vampiric Draining     Necr           18%        2d7       11%         3

Your spell library contained the following spells:

 Spells                   Type           Power      Damage    Failure   Level
 Ensorcelled Hibernation  Hex/Ice        4%         N/A       38%         2
 Animate Dead             Necr           18%        N/A       34%         4
 Anguish                  Hex/Necr       5%         N/A       67%         4
 Agony                    Necr           18%        N/A       67%         5


Dungeon Overview and Level Annotations

Branches:
Dungeon (3/15)

Altars:
Fedhas
Hepliaklqana
Kikubaaqudgha


Innate Abilities, Weirdness & Mutations

Your life essence is reduced to manifest your ancestor. (-10% HP)
You have a pair of horns on your head.


Message History

You barely miss the orc.
The orc is severely wounded.
Yayatum blocks the orc priest's attack.
Yayatum hits the orc with a +0 flail!
The orc dies!
You swap places.
The orc misses you.
The orc closely misses Yayatum.
The orc priest completely misses you.
Yayatum barely misses the orc.
You hit the orc priest but do no damage.
You headbutt the orc priest, but do no damage.
The orc priest is heavily wounded.
The orc misses you. The orc hits you with a +0 dagger.
The orc hits Yayatum with a +0 flail.
The orc priest calls upon Beogh to heal the orc.
The orc's wounds heal themselves!
Casting: Vampiric Draining (extremely dangerous; 11% risk of failure)
Confirm with . or Enter, or press ? or * to list all spells.
Aiming: Necrotise (safe; 3% risk of failure)
Press: ? - help, Shift-Dir - straight line, f/p - orc priest
Aim: an orc priest, wielding a +0 mace and wearing a +0 leather armour (heavily wounded, chance to affect: 76%)
The orc priest writhes in agony.
The orc hits you with a +0 dagger. The orc hits you with a +0 club.
The orc hits Yayatum but does no damage.
Yayatum closely misses the orc.
You completely miss the orc priest.
The orc priest is severely wounded.
The orc barely misses you. The orc hits you but does no damage.
The orc priest hits you with a +0 mace.
Yayatum hits the orc with a +0 flail!
The orc dies!
Casting: Necrotise (safe; 3% risk of failure)
Confirm with . or Enter, or press ? or * to list all spells.
Aiming: Necrotise (safe; 3% risk of failure)
Press: ? - help, Shift-Dir - straight line, f - orc, p - orc priest
Aim: an orc, wielding a +0 dagger (severely wounded, chance to affect: 88%)
The orc writhes in agony!
You kill the orc!
The dead are walking!
The orc priest mumbles some strange prayers to Beogh against you.
Pain shoots through your body!
* * * LOW HITPOINT WARNING * * *
The orc hits you with a +0 flail!
You die...

###.#####..#.#
#..(.......#.##
#..........#..# #
#..........##.#####.###
#......................
#.........####...##.##
#...................#
###.############.####
##..Z@o[..## #..###
#...R)o....# ##...#
#..........# ###.##
..............# #..##
####..........#######....
#..................###
#........:.........#
#..................#
#..........#######.###


You could see the friendly Yayatum the knight, an orc priest (ally target), an
orc (ally target) and a friendly orc skeleton.

Vanquished Creatures
  A worm (D:2)
  2 dart slugs (D:1)
  An orc (D:3)
  2 bats (D:1)
  2 endoplasms (D:1)
  2 giant cockroaches (D:1)
  5 goblins
  3 hobgoblins
  3 quokkas
  2 frilled lizards
  6 kobolds
  5 rats
34 creatures vanquished.

Vanquished Creatures (collateral kills)
  2 orcs (D:3)
2 creatures vanquished.

Grand Total: 36 creatures vanquished

Notes
Turn   | Place    | Note
-------+----------+-------------------------------------------
     0 | D:1      | thirtiethelement the Demonspawn Necromancer began the quest
                  | for the Orb.
     0 | D:1      | Reached XP level 1. HP: 13/13 MP: 3/3
   241 | D:1      | Gained mutation: You have a pair of small horns on your
                  | head. [demonic ancestry]
   241 | D:1      | Reached XP level 2. HP: 18/19 MP: 3/5
   785 | D:1      | Gained mutation: You have a pair of horns on your head.
                  | [demonic ancestry]
   785 | D:1      | Reached XP level 3. HP: 24/24 MP: 6/6
   883 | D:1      | Found a faded altar of an unknown god.
   924 | D:1      | Prayed at the altar of an unknown god.
   924 | D:1      | Became a worshipper of Hepliaklqana the Forgotten
   924 | D:1      | Reached * piety under Hepliaklqana
  1016 | D:2      | Reached skill level 5 in Necromancy
  1159 | D:2      | Learned a level 3 spell: Vampiric Draining
  1377 | D:3      | Reached ** piety under Hepliaklqana
  1378 | D:3      | Remembered your ancestor Yayatum as a knight
  1465 | D:3      | Found a blossoming altar of Fedhas.
  1467 | D:3      | Found an ancient bone altar of Kikubaaqudgha.
  1539 | D:3      | HP: 1/21 [orc priest/nerve-wracking pain (10)]
  1539 | D:3      | Mangled by an orc

Illustrated notes

Levels and vault maps discovered:
D:1:      dpeg_arrival_round_b, layout_basic,
          shapermc_ecumenical_altar_mp_urbaneastern
D:2:      layout_rooms
D:3:      layout_basic, grunt_temple_overflow_growth_and_decay,
          grunt_ashenzari_visionary [grunt_ashenzari_visionary_shoals,
          grunt_ashenzari_visionary_spider], minmay_misc_feat_pillars,
          minmay_bisected

Skill      XL: |  1  2  3 |
---------------+----------+-----
Necromancy     | 5 |  5.0
Stealth        | 2 |  2.0
Short Blades   | |  0.2
Armour         | |  0.6
Dodging        | |  1.8
Spellcasting   | |  2.5

Action                     || total
---------------------------++-------
  Melee: Dagger            ||    57
         Headbutt          ||     5
   Cast: Necrotise         ||    28
         Vampiric Draining ||     1
 Invoke: Recall Ancestor   ||     1
         Ancestor Life: Kn ||     1
   Stab: Sleeping          ||    12
 Armour: Robe              ||     2
         Leather armour    ||     5
  Dodge: Dodged            ||    31

Table legend: (Time is in decaauts)
 A = Elapsed time spent in this place.
 B = Non-inter-level travel time spent in this place.
 C = Inter-level travel time spent in this place.
 D = Time resting spent in this place.
 E = Time spent auto-exploring this place.
 F = Levels seen in this place.
 G = Mean time per level.
                   A        B        C        D        E       F      G
               +--------+--------+--------+--------+--------+-----+--------+
         Total |   1537 |   1516 |     21 |      0 |   1256 |   3 |  512.3 |
       Dungeon |   1537 |   1516 |     21 |      0 |   1256 |   3 |  512.3 |
               +--------+--------+--------+--------+--------+-----+--------+

Top non-repeatable levels by time:
     D:1: 940 daAuts
     D:2: 369 daAuts
     D:3: 227 daAuts
